 Dungeon Crawl Stone Soup version 0.29-a0-275-g389c0b56f3 (webtiles) character file.

Game seed: 11334754402772279299

72 epen the Poker (level 4, 0/41 HPs)
             Began as a Gnoll Cinder Acolyte on Mar 9, 2022.
             Was a Follower of Ignis.
             Succumbed to an adder's poison
             ... on level 2 of the Dungeon.
             The game lasted 00:01:47 (1468 turns).

epen the Poker (Gnoll Cinder Acolyte)               Turns: 1468, Time: 00:01:48

Health: 0/41       AC: 10    Str: 16    XL:     4   Next: 26%
Magic:  8/8        EV: 11    Int: 13    God:    Ignis [*.....]
Gold:   53         SH:  0    Dex:  7    Spells: 9/9 levels left

rFire   + . .      SeeInvis .   a - -1 spear (flame)
rCold   . . .      Faith    .   (no shield)
rNeg    . . .      Spirit   .   b - +0 robe
rPois   .          Reflect  .   g - +0 helmet
rElec   .          Harm     .   (no cloak)
rCorr   .          Rampage  .   (no gloves)
Will    .....                   (no boots)
Stlth   +.........              (no amulet)
HPRegen 0.13/turn               (no ring)
MPRegen 0.11/turn               (no ring)

@: mighty, lethally poisoned (0 -> -3), fiery-armoured
A: fangs 1, strong nose, distributed training
a: Renounce Religion, Fiery Armour, Foxfire Swarm, Rising Flame


You were on level 2 of the Dungeon.
You worshipped Ignis.
Ignis was aware of your devotion.
You visited 1 branch of the dungeon, and saw 2 of its levels.

You collected 53 gold pieces.

Inventory:

Hand Weapons
 a - a -1 spear of flaming (weapon)
Armour
 b - a +0 robe (worn)
 g - a +0 helmet (worn)
Jewellery
 d - a +4 ring of evasion
Scrolls
 e - 3 scrolls of fog {unknown}
 f - a scroll of identify {unknown}
Potions
 c - 2 potions of might


   Skills:
 + Level 6.6 Fighting
 + Level 1.1 Short Blades
 + Level 1.1 Long Blades
 + Level 1.1 Axes
 + Level 1.1 Maces & Flails
 + Level 6.6 Polearms
 + Level 1.1 Staves
 + Level 1.1 Slings
 + Level 1.1 Bows
 + Level 1.1 Crossbows
 + Level 1.1 Throwing
 + Level 1.1 Armour
 + Level 1.1 Dodging
 + Level 1.1 Stealth
 + Level 1.1 Shields
 + Level 1.1 Unarmed Combat
 + Level 3.0 Spellcasting
 + Level 0.8 Conjurations
 + Level 0.8 Hexes
 + Level 0.8 Summonings
 + Level 0.8 Necromancy
 + Level 0.8 Translocations
 + Level 0.8 Transmutations
 + Level 5.4 Fire Magic
 + Level 0.8 Ice Magic
 + Level 0.8 Air Magic
 + Level 0.8 Earth Magic
 + Level 0.8 Poison Magic
 + Level 1.2 Invocations
 + Level 1.1 Evocations


You had 9 spell levels left.
You didn't know any spells.
Your spell library contained the following spells:

 Spells                   Type           Power      Damage    Failure   Level
 Scorch                   Fire           32%        2d6       3%          2
 Portal Projectile        Hex/Tloc       8%         N/A       43%         3
 Blade Hands              Tmut           2%         N/A       99%         5
 Excruciating Wounds      Necr           2%         N/A       99%         5


Dungeon Overview and Level Annotations

Branches:
Dungeon (2/15)

Altars:


Innate Abilities, Weirdness & Mutations

You have very sharp teeth.
Your uncanny sense of smell can sniff out nearby items.
Your experience applies equally to all skills.


Message History

You are lethally poisoned!
The adder poisons you!
* * * LOW HITPOINT WARNING * * *
You feel very sick. The jackal closely misses you.
It was a potion of might.
You feel very mighty all of a sudden.
* * * LOW HITPOINT WARNING * * *
You feel sick. The adder barely misses you.
The endoplasm hits you but does no damage.
The jackal closely misses you. The adder closely misses you.
You closely miss the adder. Your bite misses the adder.
The adder is severely wounded.
* * * LOW HITPOINT WARNING * * *
You feel sick. The jackal closely misses you. The endoplasm barely misses you.
A protective cloak of flame settles atop you.
* * * LOW HITPOINT WARNING * * *
You feel sick. The adder bites you but does no damage.
The adder is burned by your cloak of flames.
The adder is almost dead.
The jackal closely misses you. x2; The endoplasm closely misses you.
The adder barely misses you.
You closely miss the adder.
The adder is almost dead.
* * * LOW HITPOINT WARNING * * *
You feel sick.
The jackal bites you but does no damage.
The jackal is burned by your cloak of flames.
The jackal is moderately wounded.
The jackal closely misses you. The adder misses you.
You closely miss the adder. Your bite misses the adder.
The adder is almost dead.
* * * LOW HITPOINT WARNING * * *
You feel sick. The jackal closely misses you. The endoplasm closely misses you.
The jackal closely misses you. The adder misses you.
The jackal closely misses you.
Activating: Foxfire Swarm
Press: ? - help, Dir - look around, f - activate Flames leap up around you!
You die...

#...###### #####.........
............. # ....).....
≈≈ #...... ≈≈≈###.w.#####.
.....vvvvv.....
.....vhSJ######
.≈....≈≈...vh@v#
##..≈..≈≈..≈..vhvv########
.....≈≈....≈..vvvvv......#
#.......⌠≈≈.......######.#
.......≈≈⌠.......##...##.#
##....≈....≈≈...##.###.#.#
##....≈..≈≈..≈..#.#####..#
##.....≈≈....≈.........#.#
...........≈≈.†.##.#.....#


You could see an adder, a dart slug (ally target), an endoplasm (ally target)
and 3 jackals.

Vanquished Creatures
  A gnoll (D:1)
  2 adders (D:2)
  6 dart slugs
  An endoplasm (D:1)
  2 giant cockroaches
  5 goblins
  4 hobgoblins
  A jackal (D:2)
  A ball python (D:2)
  4 frilled lizards
  5 kobolds
  A rat (D:1)
33 creatures vanquished.

Vanquished Creatures (others)
  10 foxfires
10 creatures vanquished.

Grand Total: 43 creatures vanquished

Notes
Turn   | Place    | Note
-------+----------+-------------------------------------------
     0 | D:1      | epen the Gnoll Cinder Acolyte began the quest for the Orb.
     0 | D:1      | Reached XP level 1. HP: 23/23 MP: 4/4
    76 | D:1      | Reached XP level 2. HP: 3/29 MP: 5/5
   407 | D:1      | Reached XP level 3. HP: 29/35 MP: 7/7
   507 | D:1      | Found a faded altar of an unknown god.
   963 | D:2      | Reached skill level 1 in Invocations
  1011 | D:2      | Reached skill level 1 in Short Blades
  1011 | D:2      | Reached skill level 1 in Long Blades
  1011 | D:2      | Reached skill level 1 in Axes
  1011 | D:2      | Reached skill level 1 in Maces & Flails
  1011 | D:2      | Reached skill level 1 in Staves
  1011 | D:2      | Reached skill level 1 in Slings
  1011 | D:2      | Reached skill level 1 in Bows
  1011 | D:2      | Reached skill level 1 in Crossbows
  1011 | D:2      | Reached skill level 1 in Throwing
  1011 | D:2      | Reached skill level 1 in Armour
  1011 | D:2      | Reached skill level 1 in Dodging
  1011 | D:2      | Reached skill level 1 in Stealth
  1011 | D:2      | Reached skill level 1 in Shields
  1011 | D:2      | Reached skill level 1 in Unarmed Combat
  1011 | D:2      | Reached skill level 1 in Evocations
  1056 | D:2      | Reached XP level 4. HP: 4/41 MP: 8/8
  1059 | D:2      | HP: 1/41 [ball python (3)]
  1465 | D:2      | HP: 2/41 [poisoned by an adder]
  1468 | D:2      | Succumbed to an adder's poison

Illustrated notes

Levels and vault maps discovered:
D:1:      psy_arrival_spokes, layout_basic, basic_ecumenical_altar
D:2:      cheibrodos_helix_gallery, layout_loops_cross, serial_shops, shop

Skill      XL: |  1  2  3  4 |
---------------+-------------+-----
Invocations    | 1 |  1.2
Short Blades   | 1 |  1.1
Long Blades    | 1 |  1.1
Axes           | 1 |  1.1
Maces & Flails | 1 |  1.1
Staves         | 1 |  1.1
Slings         | 1 |  1.1
Bows           | 1 |  1.1
Crossbows      | 1 |  1.1
Throwing       | 1 |  1.1
Armour         | 1 |  1.1
Dodging        | 1 |  1.1
Stealth        | 1 |  1.1
Shields        | 1 |  1.1
Unarmed Combat | 1 |  1.1
Evocations     | 1 |  1.1
Spellcasting   | 3 |  3.0
Fighting       | |  6.6
Polearms       | |  6.6
Conjurations   | |  0.8
Hexes          | |  0.8
Summonings     | |  0.8
Necromancy     | |  0.8
Translocations | |  0.8
Transmutations | |  0.8
Fire Magic     | |  5.4
Ice Magic      | |  0.8
Air Magic      | |  0.8
Earth Magic    | |  0.8
Poison Magic   | |  0.8

Action                   |  1- 3 |  4- 6 || total
-------------------------+-------+-------++-------
Melee: Spear             |    84 |    20 ||   104
       Bite              |     4 |     1 ||     5
Invok: Foxfire Swarm     |     5 |     2 ||     7
       Fiery Armour      |       |     1 ||     1
  Use: Potion            |       |     1 ||     1
Armor: Robe              |    10 |     9 ||    19
Dodge: Dodged            |    46 |    30 ||    76

Table legend: (Time is in decaauts)
 A = Elapsed time spent in this place.
 B = Non-inter-level travel time spent in this place.
 C = Inter-level travel time spent in this place.
 D = Time resting spent in this place.
 E = Time spent auto-exploring this place.
 F = Levels seen in this place.
 G = Mean time per level.
                   A        B        C        D        E       F      G
               +--------+--------+--------+--------+--------+-----+--------+
         Total |   1445 |   1413 |     32 |    574 |    629 |   2 |  722.5 |
       Dungeon |   1445 |   1413 |     32 |    574 |    629 |   2 |  722.5 |
               +--------+--------+--------+--------+--------+-----+--------+

Top non-repeatable levels by time:
     D:1: 930 daAuts
     D:2: 515 daAuts
